 Dungeon Crawl Stone Soup version 0.27-a0-406-g23f261fbd2 (webtiles) character file.

Game seed: 10755430285144150602

76 mg7810 the Sneak (level 4, -1/35 HPs)
             Began as a Human Delver on Feb 22, 2021.
             Slain by a centaur (3 damage)
             ... on level 2 of the Dungeon.
             The game lasted 00:09:13 (2351 turns).

mg7810 the Sneak (Human Delver)                     Turns: 2351, Time: 00:09:14

Health: -1/35      AC:  7    Str: 11 (13) XL:     4   Next: 57%
Magic:  4/4        EV:  6    Int:  7 (10) God:
Gold:   65         SH: 11    Dex: 12 (15) Spells: 3/3 levels left

rFire    + . .     SeeInvis .   a - +0 hand axe
rCold    + . .     Faith    .   e - +1 tower shield
rNeg     . . .     Spirit   .   o - +0 ring mail
rPois    +         Reflect  .   (no helmet)
rElec    +         Harm     .   n - +0 cloak
rCorr    +         Rampage  .   (no gloves)
Will     .....                  f - +0 pair of boots
Stlth    ++........             (no amulet)
HPRegen  0.11/turn              j - ring of resist corrosion
MPRegen  0.09/turn              (no ring)

@: resistant
A: no striking features
a: no special abilities


You were on level 2 of the Dungeon.
You visited 1 branch of the dungeon, and saw 5 of its levels.

You collected 65 gold pieces.

Inventory:

Hand Weapons
 a - a +0 hand axe (weapon)
Armour
 e - a +1 tower shield (worn)
 f - a +0 pair of boots (worn)
 n - a +0 cloak (worn)
 o - a +0 ring mail (worn)
Jewellery
 j - a ring of resist corrosion (left hand)
Wands
 g - a wand of digging (3)
Scrolls
 c - a scroll of fog
 d - a scroll of magic mapping
 l - 2 scrolls of blinking {unknown}
 m - a scroll of identify {unknown}
 q - a scroll of immolation {unknown}
Potions
 r - a potion of attraction {unknown}
 s - a potion of ambrosia


   Skills:
 + Level 3.3 Fighting
 + Level 2.5 Axes
 + Level 0.7 Armour
 + Level 2.5 Dodging
 - Level 5.5 Stealth
 * Level 0.9 Shields
 * Level 0.1 Unarmed Combat
 * Level 0.2 Evocations


You had 3 spell levels left.
You didn't know any spells.
Your spell library was empty.

Dungeon Overview and Level Annotations

Branches:
Dungeon (5/15)             Temple (0/1) D:5

Altars:
Cheibriados
Sif Muna


Message History

The frilled lizard bites you but does no damage.
The centaur barely misses you.
You hit the centaur.
The centaur is lightly wounded.
You hit the frilled lizard.
You kill the frilled lizard!
You block the centaur's attack.
The centaur hits you but does no damage.
The centaur hits you.
You hit the centaur but do no damage.
The centaur is lightly wounded.
You block the centaur's attack. The centaur hits you.
You hit the centaur.
The centaur is moderately wounded.
The centaur hits you but does no damage.
The centaur hits you.
You hit the centaur.
The centaur is moderately wounded.
The centaur barely misses you. You block the centaur's attack.
The centaur hits you.
You closely miss the centaur.
The centaur is moderately wounded.
The centaur hits you but does no damage.
The centaur hits you.
* * * LOW HITPOINT WARNING * * *
You block the centaur's attack.
You hit the centaur but do no damage.
The centaur is moderately wounded.
The centaur hits you.
* * * LOW HITPOINT WARNING * * *
The centaur closely misses you.
As you read the scroll labelled LIEQIL QEYDEU, it crumbles to dust.
It is a scroll of amnesia.
You feel forgetful for a moment. The centaur hits you.
* * * LOW HITPOINT WARNING * * *
As you read the scroll labelled TYPAV MOTH, it crumbles to dust.
It is a scroll of enchant armour.
Your +0 tower shield glows green for a moment.
You block the centaur's attack. The centaur hits you.
You die...

########### # ..........#
#...######
.###.####.#############..........
.# #.......>....c...........#####
.# #####........@†........ .#####
#..#####..####... ..# .....###..#
#..... #.# ..##...#..# #...###
#.# ### .........## #...# #.. ..#
.......### ##.## #.# #.# #.##...#
..# #.# #.# #.##...# #.. #.# #(#
#.##[.#..# #<###.#


You could see a centaur.

Vanquished Creatures
  2 adders (D:2)
  4 dart slugs
  6 leopard geckos
  3 giant cockroaches
  4 goblins
  2 hobgoblins (D:1)
  6 jackals
  2 kobolds (D:2)
  2 ball pythons
  4 bats
  4 frilled lizards
  A quokka skeleton (D:5)
  5 rats
45 creatures vanquished.

Notes
Turn   | Place    | Note
-------+----------+-------------------------------------------
     0 | D:5      | mg7810 the Human Delver began the quest for the Orb.
     0 | D:5      | Reached XP level 1. HP: 18/18 MP: 1/1
   109 | D:5      | Noticed a worker ant
   264 | D:5      | Noticed an ogre
   283 | D:5      | Noticed a worker ant
   329 | D:5      | Found a staircase to the Ecumenical Temple.
   353 | D:5      | Reached XP level 2. HP: 19/24 MP: 2/2
   397 | D:3      | Found a snail-covered altar of Cheibriados.
   397 | D:3      | Found a shimmering blue altar of Sif Muna.
   614 | D:2      | Noticed a centaur
   668 | D:2      | Reached XP level 3. HP: 29/29 MP: 3/3
  1005 | D:1      | Noticed a formicid
  1005 | D:1      | Noticed a demigod
  1007 | D:1      | Noticed a gargoyle
  1009 | D:1      | Noticed a centaur
  1009 | D:1      | Noticed a merfolk
  1011 | D:1      | Noticed an ogre
  1013 | D:1      | Noticed a tengu
  1013 | D:1      | Noticed a demonspawn
  1015 | D:1      | Noticed a troll
  1017 | D:1      | Noticed a spriggan
  1019 | D:1      | Noticed a naga
  1019 | D:1      | Noticed a vampire
  1022 | D:1      | Noticed an octopode
  1022 | D:1      | Noticed a human
  1024 | D:1      | Noticed a vine stalker
  1024 | D:1      | Noticed a ghoul
  1026 | D:1      | Noticed an elf
  1028 | D:1      | Noticed a draconian
  1028 | D:1      | Noticed a dwarf
  1031 | D:1      | Noticed a minotaur
  1031 | D:1      | Noticed a felid
  1619 | D:1      | Reached XP level 4. HP: 27/35 MP: 4/4
  2351 | D:2      | Slain by a centaur

Illustrated notes

Levels and vault maps discovered:
D:1:      kb_arrival_jail, layout_basic, minmay_stone_trees_medium
D:2:      layout_loops_ring, pdpol_wu_jian_five_deadly_venoms,
          lemuel_zombie_altar_yredelemnul, uniq_crazy_yiuf_cottage
D:3:      layout_rooms, chequers_temple_overflow_statue_of_worship,
          minmay_fountain_box
D:4:      layout_cave_pools, kennysheep_generic_room_16
D:5:      layout_basic, minmay_temple_entry_junction

Action                   |  1- 3 |  4- 6 || total
-------------------------+-------+-------++-------
Melee: Hand axe          |   104 |    58 ||   162
  Use: Potion            |     2 |     3 ||     5
       Scroll            |     1 |     2 ||     3
 Stab: Sleeping          |     7 |     2 ||     9
Armor: Leather armour    |    33 |     4 ||    37
       Ring mail         |       |    48 ||    48
Dodge: Dodged            |    44 |    28 ||    72
Block: Tower shield      |    46 |    70 ||   116

Table legend: (Time is in decaauts)
 A = Elapsed time spent in this place.
 B = Non-inter-level travel time spent in this place.
 C = Inter-level travel time spent in this place.
 D = Time resting spent in this place.
 E = Time spent auto-exploring this place.
 F = Levels seen in this place.
 G = Mean time per level.
                   A        B        C        D        E       F      G
               +--------+--------+--------+--------+--------+-----+--------+
         Total |   2417 |   2400 |     17 |      0 |   1551 |   5 |  483.4 |
       Dungeon |   2417 |   2400 |     17 |      0 |   1551 |   5 |  483.4 |
               +--------+--------+--------+--------+--------+-----+--------+

Top non-repeatable levels by time:
     D:1: 1331 daAuts
     D:2: 696 daAuts
     D:5: 376 daAuts
     D:3: 9 daAuts
     D:4: 2 daAuts
